 Dungeon Crawl Stone Soup version 0.20.0-10-g0535bb4 (webtiles) character file.

91 louis the Insei (level 4, -7/33 HPs)
             Began as a Demonspawn Transmuter on June 3, 2017.
             Mangled by a water moccasin (10 damage)
             ... on level 3 of the Dungeon.
             The game lasted 00:07:43 (2946 turns).

louis the Insei (Demonspawn Transmuter)             Turns: 2946, Time: 00:07:44

Health: -7/33      AC:  2    Str: 10    XL:     4   Next: 33%
Magic:  3/8        EV: 12    Int: 15    God:
Gold:   128        SH:  0    Dex: 14    Spells: 6/9 levels left

rFire    . . .     SeeInvis .     - Unarmed
rCold    . . .     Gourm    .   (no shield)
rNeg     . . .     Faith    .   b - +0 robe
rPois    .         Spirit   .   (no helmet)
rElec    .         Reflect  .   (no cloak)
rCorr    .         Harm     .   (no gloves)
MR       .....                  (no boots)
Stlth    +.........             (no amulet)
Regen    0.2/turn               (no ring)
MPRegen  0.2/turn               (no ring)

@: appendage
A: horns 2, talons 1, powered by death 1
a: End Transformation


You were on level 3 of the Dungeon.
You were not hungry.
You had grown temporary horns.
You visited 1 branch of the dungeon, and saw 3 of its levels.

You collected 128 gold pieces.

Inventory:

Armour
 b - a +0 robe (worn)
Jewellery
 p - a +2 ring of protection {unknown}
Scrolls
 d - a scroll of fear {unknown}
 e - 2 scrolls of remove curse
 f - 4 scrolls of fog {unknown}
 g - a scroll of enchant weapon {unknown}
 h - a scroll of teleportation {unknown}
 i - a scroll of enchant armour {unknown}
 l - 3 scrolls of recharging {unknown}
Potions
 j - 2 potions of heal wounds {unknown}
 m - a potion of curing {unknown}
 o - a potion of ambrosia {unknown}
Books
 c - a book of Changes

   Spells                             Type                      Level
   a - Beastly Appendage              Transmutation                1
   b - Sticks to Snakes               Transmutation                2
   c - Spider Form                    Transmutation/Poison         3
   d - Ice Form                       Ice/Transmutation            4
   e - Blade Hands                    Transmutation                5
Comestibles
 k - a meat ration
 n - 2 royal jellies
 q - 2 bread rations


   Skills:
 * Level 1.7 Fighting
 + Level 2.1 Dodging
 + Level 0.2 Stealth
 + Level 3.1 Unarmed Combat
 * Level 3.0 Spellcasting
 * Level 2.2 Transmutations


You had 6 spell levels left.
You knew the following spells:

 Your Spells              Type           Power        Failure   Level  Hunger
a - Beastly Appendage     Tmut           #.....       8%          1    #......
b - Sticks to Snakes      Tmut           #.......     12%         2    ##.....


Dungeon Overview and Level Annotations

Branches:
Dungeon (3/15)

Altars:
Okawaru


Innate Abilities, Weirdness & Mutations

You have sharp toenails.
You regenerate a little health from kills.
You have a pair of horns on your head.


Message History

You grow a pair of large bovine horns.
The water moccasin completely misses you.
The water moccasin bites you!
* * * LOW HITPOINT WARNING * * *
You completely miss the water moccasin.
The water moccasin is moderately wounded.
The water moccasin completely misses you.
Your ball python closely misses the water moccasin. x2
You hit the water moccasin but do no damage.
Your kick misses the water moccasin.
The water moccasin is moderately wounded.
The water moccasin barely misses you.
Your ball python barely misses the water moccasin.
Your ball python completely misses the water moccasin.
You barely miss the water moccasin.
Your headbutt misses the water moccasin.
The water moccasin is moderately wounded.
Your ball python withers and dies!
The water moccasin bites you!
You die...

#.....##.# #........
###.####.############........
######.####.............)#######
#............................<..
#.##.#.####.###...###.##########
#.##.#.)..#.# ##..# #.#
#.##.####.#.# #..# #.# #.##.#
#.#.####..# #.#
##.##.####.....S@..# #)#
#.....)....#.####..###.#
#..##.##.###.# #......#
#..##.##.# #.# #.######
#..##.##.# #S# #.#
#..##.##.###.# #..
#..##.##.....# #..
#......†.....# ##.
..########.#.#####.#


You could see a water moccasin.

Vanquished Creatures
  A gnoll (D:2)
  An adder (D:2)
  2 oozes (D:2)
  4 dart slugs
  2 leopard geckos
  An orc (D:3)
  5 bats
  A giant cockroach (D:1)
  4 goblins
  A hobgoblin (D:2)
  3 jackals
  A quokka (D:2)
  A ball python (D:2)
  6 frilled lizards
  5 kobolds
  8 rats
46 creatures vanquished.

Vanquished Creatures (collateral kills)
  2 gnolls (D:2)
  A goblin (D:2)
  A hobgoblin (D:2)
  A frilled lizard (D:3)
5 creatures vanquished.

Grand Total: 51 creatures vanquished

Notes
Turn   | Place    | Note
-------+----------+-------------------------------------------
     0 | D:1      | louis the Demonspawn Transmuter began the quest for the Orb.
     0 | D:1      | Reached XP level 1. HP: 15/15 MP: 3/3
   148 | D:1      | Gained mutation: You regenerate a little health from kills. [demonic ancestry]
   148 | D:1      | Reached XP level 2. HP: 21/21 MP: 5/5
   606 | D:1      | Learned a level 2 spell: Sticks to Snakes
  1135 | D:2      | Reached XP level 3. HP: 11/26 MP: 2/6
  2382 | D:2      | Gained mutation: You have sharp toenails. [demonic ancestry]
  2382 | D:2      | Reached XP level 4. HP: 23/32 MP: 1/8
  2526 | D:2      | Found an iron altar of Okawaru.
  2907 | D:3      | Noticed a water moccasin
  2946 | D:3      | Mangled by a water moccasin

Skill      XL: |  1  2  3 |
---------------+----------+-----
Transmutations | 2 |  2.2
Dodging        | 2 |  2.1
Unarmed Combat | 3 |  3.1
Spellcasting   | 3 |  3.0
Fighting       | |  1.7
Stealth        | |  0.2

Action                   |  1- 3 |  4- 6 || total
-------------------------+-------+-------++-------
Melee: Unarmed           |   135 |    45 ||   180
       Headbutt          |     6 |     3 ||     9
       Kick              |     7 |     8 ||    15
 Cast: Beastly Appendage |    16 |     4 ||    20
       Sticks to Snakes  |     7 |     5 ||    12
  Use: Scroll            |     1 |       ||     1
 Stab: Sleeping          |     2 |       ||     2
  Eat: Chunk             |     3 |       ||     3
       Bread ration      |     1 |       ||     1
Armor: Robe              |    18 |    10 ||    28
Dodge: Dodged            |    86 |    30 ||   116
